 Dungeon Crawl Stone Soup version 0.27-a0-262-gc50aac273e (webtiles) character file.

Game seed: 11874883423341121787

5202 EnegeticOcto the Basher (level 10, -14/76 HPs)
             Began as a Mummy Chaos Knight on Feb 4, 2021.
             Was a Plaything of Xom.
             Killed from afar by a gargoyle (23 damage)
             ... with a stone arrow
             ... on level 10 of the Dungeon.
             The game lasted 00:19:33 (11113 turns).

EnegeticOcto the Basher (Mummy Chaos Knight)       Turns: 11113, Time: 00:19:34

Health: -14/76     AC: 13    Str: 19      XL:     10   Next: 34%
Magic:  10/10      EV:  7    Int: 10 (11) God:    Xom [......]
Gold:   304        SH:  0    Dex: 18      Spells: 9/9 levels left

rFire    . . .     SeeInvis +   x - +7 great mace "Amearab" {spect, rElec rF+}
rCold    + + .     Faith    +   (shield currently unavailable)
rNeg     + + +     Spirit   .   t - +0 chain mail
rPois    ∞         Reflect  .   j - +0 helmet
rElec    +         Harm     .   (no cloak)
rCorr    .         Rampage  .   (no gloves)
Will     +....                  p - +2 pair of boots
Stlth    ..........             r - amulet of faith
HPRegen  0.22/turn              d - ring "Docrugif" {rC+ Dex+6}
MPRegen  0.12/turn              A - ring of see invisible

@: no status effects
A: no potions, fire vulnerability, cold resistance 1, negative energy resistance
3, torment resistance, unbreathing
a: Renounce Religion


You were on level 10 of the Dungeon.
You worshipped Xom.
You were a very special plaything of Xom.
You visited 1 branch of the dungeon, and saw 10 of its levels.

You collected 478 gold pieces.
You spent 174 gold pieces at shops.

Inventory:

Hand Weapons
 a - a +0 spear of chaos
 i - a +0 short sword of protection
   (You found it on level 2 of the Dungeon)
 q - a +0 war axe
   (You took it off an orc on level 3 of the Dungeon)
 u - a +6 flail of draining
   (You found it on level 4 of the Dungeon)
 x - the +7 great mace "Amearab" (weapon) {spect, rElec rF+}
   (You found it on level 5 of the Dungeon)

   When it strikes, its spirit leaps out and fights alongside the wielder.
   It protects you from fire.
   It insulates you from electricity.
 z - a cursed +1 dire flail of freezing
   (You took it off a wight on level 7 of the Dungeon)
Missiles
 s - 48 poisoned darts (quivered)
 C - 3 boomerangs
Armour
 b - a +2 leather armour
 e - a +0 scale mail
   (You found it on level 1 of the Dungeon)
 j - a +0 helmet (worn)
   (You took it off Robin on level 2 of the Dungeon)
 l - a +0 kite shield
   (You found it on level 5 of the Dungeon)
 p - a +2 pair of boots (worn)
   (You found it on level 3 of the Dungeon)
 t - a +0 chain mail (worn)
   (Xom gifted it to you on level 3 of the Dungeon)
Jewellery
 d - the ring "Docrugif" (left hand) {rC+ Dex+6}
   (Xom gifted it to you on level 5 of the Dungeon)

   [ring of dexterity]

   It affects your dexterity (+6).
   It protects you from cold.
 r - an amulet of faith (around neck)
   (You took it off a hobgoblin on level 3 of the Dungeon)
 A - a ring of see invisible (right hand)
   (You found it on level 7 of the Dungeon)
Wands
 v - a wand of digging (5) {@v3}
   (Xom gifted it to you on level 5 of the Dungeon)
 y - a wand of polymorph (8)
   (You found it on level 6 of the Dungeon)
 D - a wand of acid (1) {@v1}
   (You found it on level 8 of the Dungeon)
Scrolls
 f - 8 scrolls of teleportation {@r3 !r}
 g - a scroll of fog {!r}
 k - 2 scrolls of blinking {@r4}
 m - 7 scrolls of remove curse {@r2}
 n - a scroll of identify {@r1}
 o - 3 scrolls of magic mapping {@r5 !r}
 w - 3 scrolls of fear {!r}
 B - a scroll of vulnerability


   Skills:
 - Level 5.6 Fighting
 - Level 2.9(8.1) Axes
 + Level 11.3(11.5) Maces & Flails
 - Level 2.4(3.1) Polearms
 + Level 3.1 Armour
 - Level 0.7 Dodging


You had 9 spell levels left.
You didn't know any spells.
Your spell library contained the following spells:

 Spells                   Type           Power        Failure   Level
 Shock                    Conj/Air       0%           99%         1
 Swiftness                Air            0%           100%        2
 Static Discharge         Conj/Air       0%           100%        3
 Airstrike                Air            0%           100%        4
 Lightning Bolt           Conj/Air       0%           100%        5
 Beastly Appendage        Tmut           Unusable     N/A         1
 Wereblood                Tmut           Unusable     N/A         2
 Spider Form              Tmut/Pois      Unusable     N/A         3
 Ice Form                 Ice/Tmut       Unusable     N/A         4
 Blade Hands              Tmut           Unusable     N/A         5

Dungeon Overview and Level Annotations

Branches:
Dungeon (10/15)            Temple (0/1) D:4            Lair (0/6) D:9
    Orc (0/2) D:9

Altars:
Ashenzari
Fedhas
Gozag
Makhleb
Qazlal
Sif Muna
Uskayaw
Wu Jian
Xom
Yredelemnul

Shops:
D:5 ?

Annotations:
D:2 Sigmund
D:7 3 runed translucent doors, topfpfpflanze's ghost, novice OpFi


Innate Abilities, Weirdness & Mutations

You do not drink.
Your flesh is vulnerable to fire.
You are immune to poison.
Your flesh is cold resistant. (rC+)
You are immune to negative energy. (rN+++)
You are immune to unholy pain and torment.
You can survive without breathing.


Message History

Found a scroll of remove curse.
There is a stone staircase leading up here.
You sock the phantom!
You draw out your weapon's spirit!
The phantom is heavily damaged.
The phantom hits you.
You barely miss the phantom.
The phantom is heavily damaged.
The phantom hits you but does no damage.
The phantom hits you.
You closely miss the phantom.
The phantom is heavily damaged.
The phantom completely misses you.
You closely miss the phantom.
The phantom is heavily damaged.
The phantom misses you.
You bludgeon the phantom!!
You destroy the phantom!
You feel your dexterity returning.
No target in view!
No target in view!
No target in view!
No target in view!
No target in view!
A kobold comes into view. It is wielding a +0 short sword.
A kobold and a big kobold come into view.
The kobold shouts!
A kobold comes into view. It is carrying a wand of polymorph (7).
A scorpion comes into view.
The kobold moves out of view.
You hit the big kobold.
The big kobold is lightly wounded.
The big kobold hits you. x2
You sock the big kobold!
The big kobold is heavily wounded.
An ogre comes into view. It is wielding a +0 giant club.
The big kobold hits you.
The ogre shouts!
You hit the big kobold.
The big kobold is heavily wounded.
You hear a shout!
The big kobold hits you.
You barely miss the big kobold.
The big kobold is heavily wounded.
The big kobold hits you but does no damage.
You sock the big kobold!
You kill the big kobold!
You hit the kobold.
You kill the kobold! "Where it stops, nobody knows!"
Your surroundings suddenly seem different.
Your surroundings suddenly seem different.
The gargoyle hurls a stone arrow at you.
The stone arrow hits you!
Aiming: Corrosive Bolt
Press: ? - help, Shift-Dir - straight line, f - gargoyle
Aim: a gargoyle, wielding a -3 flail (14% to evade)
The bolt of acid hits the yak!
The yak is splashed with acid.
The acid corrodes the yak!
The yak is heavily wounded.
The bolt of acid hits the gargoyle but does no damage.
The yak gores you!
Aiming: Corrosive Bolt
Press: ? - help, Shift-Dir - straight line, f/p - gargoyle
Aim: a gargoyle, wielding a -3 flail (14% to evade)
The bolt of acid hits the yak!
The yak is splashed with acid.
The yak seems to be corroded for longer.
You kill the yak!
The bolt of acid hits the gargoyle but does no damage.
The gargoyle hurls a stone arrow at you.
The stone arrow hits you!!
Your Armour skill increases to level 3!
Aiming: Corrosive Bolt
Press: ? - help, Shift-Dir - straight line, f/p - gargoyle
Aim: a gargoyle, wielding a -3 flail (14% to evade)
The bolt of acid hits the gargoyle but does no damage.
Aiming: Corrosive Bolt
Press: ? - help, Shift-Dir - straight line, f/p - gargoyle
Aim: a gargoyle, wielding a -3 flail (14% to evade)
The bolt of acid misses the gargoyle.
The gargoyle hurls a stone arrow at you.
The stone arrow misses you.
Aiming: Corrosive Bolt
Press: ? - help, Shift-Dir - straight line, f/p - gargoyle
Aim: a gargoyle, wielding a -3 flail (14% to evade)
The bolt of acid hits the gargoyle!
The gargoyle is splashed with acid.
The acid corrodes the gargoyle!
The gargoyle is heavily damaged.
The gargoyle hurls a stone arrow at you.
The stone arrow hits you!!
* * * LOW HITPOINT WARNING * * *
Aiming: Corrosive Bolt
Press: ? - help, Shift-Dir - straight line, f/p - gargoyle
Aim: a gargoyle, wielding a -3 flail (heavily damaged, covered in acid, 14% to evade)
The bolt of acid hits the gargoyle.
The gargoyle is splashed with acid.
The gargoyle seems to be corroded for longer.
The gargoyle is almost destroyed.
The gargoyle hurls a stone arrow at you.
The stone arrow hits you!!
You die...
Xom bursts into laughter!

...### #.##.. #.##.#
############# #.##.#
#.........!.. #.##.#
#.##.@.....#
#....###.##.#####.#
#..........9#
###...#<#..w..#
#...##(##÷.##.#
#...#####?.##.#####.#
#.#.# #.###.......#
#.#.#####<# ##.#...##
#.#.......# #.# #.#


You could see a gargoyle (corroded) and a worm.

Vanquished Creatures
  The ghost of anet the Covert, a novice GnDe (D:6)
  A vampire (D:9)
  A wyvern (D:7)
  8 yaks
  An orc warrior (D:9)
  A necrophage (D:9)
  A hornet zombie (D:9)
  An ogre (D:4)
  A centaur (D:9)
  3 phantoms
  A big kobold (D:10)
  6 bullfrogs
  4 scorpions
  A wyvern skeleton (D:8)
  2 water moccasin skeletons
  2 howler monkeys
  10 killer bees
  8 wights
  An electric eel (D:9)
  2 jellies
  3 hounds
  2 bullfrog skeletons (D:5)
  2 orc priests
  A centaur skeleton (D:9)
  A gnoll shaman (D:7)
  Jessica (D:9)
  3 iguanas
  2 orc wizards
  4 worker ants
  A killer bee zombie (D:7)
  2 hound zombies
  A hound skeleton (D:5)
  A mummy (D:9)
  A howler monkey zombie (D:7)
  Robin (D:2)
  3 worker ant zombies
  8 adders
  3 gnolls (D:7)
  A howler monkey skeleton (D:6)
  2 shadow imps
  An ufetubus (D:5)
  An adder zombie (D:6)
  3 adder skeletons
  4 worms
  8 leopard geckos
  18 orcs
  A ball python (D:1)
  A giant cockroach (D:2)
  17 goblins
  5 hobgoblins
  7 jackals
  4 quokkas
  10 bats
  6 frilled lizards
  A giant cockroach zombie (D:5)
  A jackal skeleton (D:4)
  2 kobolds
  3 quokka skeletons
  3 rats
195 creatures vanquished.

Vanquished Creatures (collateral kills)
  A sky beast (D:6)
  A hound (D:6)
2 creatures vanquished.

Vanquished Creatures (others)
  Edmund (D:4)
  An orc (D:4)
  A giant cockroach (D:4)
  A ball python (D:4)
  2 fungi
  4 plants
  A withered plant (D:9)
11 creatures vanquished.

Grand Total: 208 creatures vanquished

Notes
Turn   | Place    | Note
-------+----------+-------------------------------------------
     0 | D:1      | EnegeticOcto the Mummy Chaos Knight began the quest for the
                  | Orb.
     0 | D:1      | Reached XP level 1. HP: 18/18 MP: 1/1
   311 | D:1      | Reached XP level 2. HP: 24/24 MP: 2/2
   631 | D:1      | XOM: silly message
   665 | D:1      | Reached skill level 4 in Fighting
   967 | D:2      | Reached XP level 3. HP: 9/31 MP: 3/3
  1196 | D:2      | XOM: 1-stop teleportation journey
  1197 | D:2      | Found an ornate altar of the Wu Jian Council.
  1226 | D:2      | Noticed Robin
  1231 | D:2      | XOM: enchant monster (bad)
  1263 | D:2      | Killed Robin
  1264 | D:2      | Reached XP level 4. HP: 20/38 MP: 4/4
  1272 | D:2      | XOM: cast spell 'Olgreb's Toxic Radiance'
  1273 | D:2      | Reached skill level 5 in Fighting
  1714 | D:2      | XOM: divination: detect creatures
  1732 | D:2      | Noticed Sigmund
  1893 | D:3      | Found a basalt altar of Yredelemnul.
  2110 | D:3      | XOM: noise
  2446 | D:3      | XOM: god gift: chain mail {god gift}
  3157 | D:3      | XOM: repel stairs
  3161 | D:3      | Reached skill level 1 in Axes
  3161 | D:3      | Reached XP level 5. HP: 41/46 MP: 5/5
  3182 | D:3      | XOM: silly message
  3332 | D:4      | Found a staircase to the Ecumenical Temple.
  3376 | D:4      | Reached skill level 2 in Axes
  3565 | D:4      | Found a shimmering altar of Xom.
  3660 | D:4      | Noticed an ogre
  3661 | D:4      | XOM: enchant monster (bad)
  3665 | D:4      | XOM: blink monster(s)
  3684 | D:3      | Reached XP level 6. HP: 45/52 MP: 6/6
  3803 | D:4      | XOM: 2-stop teleportation journey
  3809 | D:4      | XOM: scenery: summon butterflies
  3846 | D:3      | XOM: divination: detect creatures
  3862 | D:4      | Noticed Edmund
  3863 | D:4      | XOM: fog
  3873 | D:4      | Killed Edmund
  3873 | D:4      | XOM: divine lightning
  3893 | D:4      | Reached skill level 1 in Maces & Flails
  3929 | D:4      | Found a hide-covered altar of Uskayaw.
  3966 | D:4      | XOM: stat loss: -1 Dex (11/12)
  3971 | D:4      | Reached skill level 2 in Maces & Flails
  4194 | D:5      | Entered Level 5 of the Dungeon
  4199 | D:5      | XOM: god gift: brightly glowing platinum ring {god gift}
  4205 | D:5      | Got a brightly glowing platinum ring {god gift}
  4206 | D:5      | Identified the ring "Docrugif" {rC+ Dex+6} (Xom gifted it
                  | to you on level 5 of the Dungeon)
  4505 | D:5      | XOM: god gift: wand of digging (5)
  4542 | D:5      | Reached skill level 3 in Maces & Flails
  4557 | D:5      | Found Zem Nonoel's Magic Scroll Shop.
  4566 | D:5      | Bought a scroll of magic mapping for 42 gold pieces
  4566 | D:5      | Bought a scroll of blinking for 90 gold pieces
  4566 | D:5      | Bought a scroll of fear for 42 gold pieces
  4579 | D:5      | Got a scorched great mace
  4579 | D:5      | Identified the +7 great mace "Amearab" {spect, rElec rF+}
                  | (You found it on level 5 of the Dungeon)
  4682 | D:5      | XOM: enchant monster (good)
  4685 | D:5      | Reached XP level 7. HP: 53/57 MP: 7/7
  4952 | D:5      | XOM: cloud trail
  5045 | D:5      | XOM: divination: detect creatures
  5047 | D:5      | Reached skill level 4 in Maces & Flails
  5152 | D:6      | XOM: summons 7 friendly demons
  5162 | D:6      | Reached skill level 5 in Maces & Flails
  5213 | D:6      | XOM: summons 2 friendly demons
  5413 | D:6      | Reached XP level 8. HP: 64/64 MP: 8/8
  5459 | D:6      | XOM: 6-stop teleportation journey
  5555 | D:6      | Found a burning altar of Makhleb.
  5575 | D:6      | XOM is BORED!
  5575 | D:6      | XOM: stat loss: -1 Int (10/11)
  5647 | D:6      | Reached skill level 6 in Maces & Flails
  5724 | D:6      | XOM: noise
  5905 | D:6      | Found a runed translucent gate.
  5905 | D:6      | Found a runed translucent gate.
  5906 | D:6      | Found a runed translucent gate.
  5908 | D:6      | Noticed anet's ghost (novice GnDe)
  6314 | D:6      | XOM: stat loss: -1 Str (16/17)
  6366 | D:6      | XOM: summons friendly quasit
  6368 | D:6      | Killed anet's ghost
  6369 | D:6      | Reached skill level 7 in Maces & Flails
  6504 | D:2      | XOM: scenery: summon butterflies
  6676 | D:7      | XOM: divination: detect creatures
  6693 | D:7      | XOM: silly message
  6770 | D:7      | XOM: potion effect (brilliance)
  6775 | D:7      | Reached skill level 8 in Maces & Flails
  6862 | D:7      | XOM: destruction
  6863 | D:7      | XOM: polymorph ogre -> wyvern
  6865 | D:7      | XOM: cleaving
  6875 | D:7      | Reached XP level 9. HP: 36/69 MP: 9/9
  6935 | D:7      | XOM: 3-stop teleportation journey
  7075 | D:7      | Found a stormy altar of Qazlal.
  7092 | D:7      | XOM: stat loss: -1 Str (17/18)
  7110 | D:7      | Found a blossoming altar of Fedhas.
  7116 | D:7      | Found a stormy altar of Qazlal.
  7332 | D:7      | Found a runed translucent gate.
  7332 | D:7      | Found a runed translucent gate.
  7332 | D:7      | Found a runed translucent gate.
  7336 | D:7      | Noticed topfpfpflanze's ghost (novice OpFi)
  7550 | D:7      | XOM: cloud trail
  7572 | D:7      | XOM: silly message
  7867 | D:8      | Reached skill level 9 in Maces & Flails
  8550 | D:8      | XOM: silly message
  8644 | D:8      | XOM: summons 4 hostile demons
  8858 | D:9      | XOM: scenery: create altars
  8867 | D:9      | Reached skill level 10 in Maces & Flails
  9251 | D:9      | Found a staircase to the Lair.
  9262 | D:9      | XOM: enchant monster (bad)
  9343 | D:9      | Found a staircase to the Orcish Mines.
  9374 | D:9      | XOM: noise
  9399 | D:9      | XOM: 7-stop teleportation journey
  9425 | D:9      | XOM: potion effect (curing)
  9442 | D:8      | XOM: silly message
  9592 | D:8      | Reached XP level 10. HP: 59/76 MP: 10/10
  9682 | D:8      | Reached skill level 11 in Maces & Flails
  9807 | D:9      | XOM: potion effect (brilliance)
  9812 | D:9      | Reached skill level 2 in Armour
  9942 | D:9      | XOM: silly message
  9946 | D:9      | XOM: stat loss: -1 Dex (17/18)
 10072 | D:9      | XOM is BORED!
 10123 | D:9      | Found an opulent altar of Gozag.
 10123 | D:9      | Found a broken altar of Ashenzari.
 10131 | D:9      | Got a shimmering hunting sling
 10131 | D:9      | Identified the +6 hunting sling "Eviscerator" {flame, *Slow
                  | Will+ Int+3} (You found it on level 9 of the Dungeon)
 10240 | D:9      | Noticed Jessica
 10251 | D:9      | Killed Jessica
 10261 | D:9      | Found a shimmering blue altar of Sif Muna.
 10326 | D:9      | XOM: summons 6 hostile demons
 10327 | D:9      | Noticed an orange demon
 10391 | D:9      | XOM: noise
 10445 | D:9      | XOM: stat loss: -1 Int (10/11)
 10834 | D:10     | Entered Level 10 of the Dungeon
 10922 | D:10     | XOM: polymorph yak -> human
 10927 | D:10     | XOM: summons 4 hostile shadow creatures
 10967 | D:10     | Noticed a gargoyle
 10988 | D:10     | XOM: polymorph human -> worm
 11104 | D:10     | XOM: 2-stop teleportation journey
 11110 | D:10     | Reached skill level 3 in Armour
 11113 | D:10     | Killed from afar by a gargoyle

Illustrated notes

Levels and vault maps discovered:
D:1:      minmay_arrival_up_and_down, layout_basic
D:2:      layout_rooms, nzn_wu_jian_contemplation, uniq_sigmund, uniq_robin
D:3:      minmay_angry_zag, layout_basic, yredelemnul_altar_generic
D:4:      layout_cave_pools, lemuel_crystal_altar, xom_confusion_cloud,
          temple_statues, uniq_edmund
D:5:      layout_loops_ring, serial_shops, shop_fountains
D:6:      layout_layer_cave, lemuel_coloured_pillars_altar,
          ebering_ghost_rock_garden
D:7:      layout_loops_ring, grunt_temple_overflow_forces_of_nature,
          gammafunk_ghost_nasty_kobolds, basic_altar, serial_glass,
          glass_columns_c, glass_columns_b, glass_columns_b, glass_columns_a,
          glass_columns_c, glass_columns_a, glass_columns_a, glass_columns_c,
          glass_columns_a, glass_columns_b, glass_columns_b, glass_columns_a,
          glass_columns_a, glass_columns_a
D:8:      layout_basic
D:9:      layout_small_grid, tgw_sif, gammafunk_temple_overflow_statue,
          dpeg_oklobed_lair, orc_0_dummy, serial_undead, serial_undead_a,
          serial_undead_b, serial_undead_f, serial_undead_f,
          serial_bayou_crossing
D:10:     lemuel_upstairs_altar, layout_loops_ring, trog_ov_bears_minmay

Skill      XL: |  1  2  3  4  5  6  7  8  9 10 |
---------------+-------------------------------+-----
Fighting       | 4 5 |  5.6
Axes           | 1 2 |  2.9
Maces & Flails | 3 5 8 10 11 | 11.3
Armour         | 3 |  3.1
Polearms       | |  2.4
Dodging        | |  0.7

Action                   |  1- 3 |  4- 6 |  7- 9 | 10-12 || total
-------------------------+-------+-------+-------+-------++-------
Melee: Spear             |    48 |       |       |       ||    48
       Short sword       |    76 |   183 |       |       ||   259
       War axe           |       |    68 |       |       ||    68
       Flail             |       |    32 |       |       ||    32
       Great mace        |       |     4 |   210 |    63 ||   277
Throw: Dart              |       |     9 |     4 |    12 ||    25
Evoke: Wand              |       |       |       |     6 ||     6
  Use: Scroll            |     1 |     8 |     5 |       ||    14
 Stab: Distracted        |       |     1 |     1 |       ||     2
Armor: Scale mail        |    73 |   101 |       |       ||   174
       Leather armour    |     3 |       |       |       ||     3
       Chain mail        |       |    82 |   153 |    46 ||   281
Dodge: Dodged            |    74 |   119 |    78 |    29 ||   300

Table legend: (Time is in decaauts)
 A = Elapsed time spent in this place.
 B = Non-inter-level travel time spent in this place.
 C = Inter-level travel time spent in this place.
 D = Time resting spent in this place.
 E = Time spent auto-exploring this place.
 F = Levels seen in this place.
 G = Mean time per level.
                   A        B        C        D        E       F      G
               +--------+--------+--------+--------+--------+-----+--------+
         Total |  11275 |  10609 |    666 |   1098 |   7683 |  10 | 1127.5 |
       Dungeon |  11275 |  10609 |    666 |   1098 |   7683 |  10 | 1127.5 |
               +--------+--------+--------+--------+--------+-----+--------+

Top non-repeatable levels by time:
     D:8: 1869 daAuts
     D:3: 1492 daAuts
     D:9: 1462 daAuts
     D:6: 1348 daAuts
     D:2: 1047 daAuts
     D:5: 1001 daAuts
     D:7: 980 daAuts
     D:4: 972 daAuts
     D:1: 906 daAuts
    D:10: 194 daAuts
